 Dungeon Crawl Stone Soup version 0.25.0-1-g7eea58d2a3 (webtiles) character file.

Game seed: 16181046770092493424

39 hittemvvvvhard the Magician (level 3, -1/16 HPs)
             Began as a Vine Stalker Wizard on June 14, 2020.
             Was an Initiate of Okawaru.
             Slain by a hound (3 damage)
             ... on level 4 of the Dungeon.
             The game lasted 00:05:16 (2209 turns).

hittemvvvvhard the Magician (Vine Stalker Wizard)   Turns: 2209, Time: 00:05:17

Health: -1/16      AC:  3    Str: 10    XL:     3   Next: 45%
Magic:  0/8        EV: 11    Int: 18    God:    Okawaru [......]
Gold:   58         SH:  0    Dex: 12    Spells: 7/8 levels left

rFire    . . .     SeeInvis .   a - +0 short sword (speed)
rCold    . . .     Gourm    .   (no shield)
rNeg     . . .     Faith    .   c - +0 leather armour
rPois    .         Spirit   +   f - +0 hat
rElec    .         Reflect  .   (no cloak)
rCorr    .         Harm     .   (no gloves)
MR       .....                  (no boots)
Stlth    ++........             (no amulet)
HPRegen  0.05/turn              (no ring)
MPRegen  0.11/turn              (no ring)

@: no status effects
A: fangs 2, magic shield, antimagic bite, no potion heal 3, rot immunity
a: Renounce Religion


You were on level 4 of the Dungeon.
You worshipped Okawaru.
Okawaru was noncommittal.
You were not hungry.

You visited 1 branch of the dungeon, and saw 3 of its levels.

You collected 58 gold pieces.

Inventory:

Hand Weapons
 a - a +0 short sword of speed (weapon)
Missiles
 h - a javelin (quivered)
 n - 9 poisoned darts
 Q - 5 stones
Armour
 c - a +0 leather armour (worn)
 f - a +0 hat (worn)
Scrolls
 d - 2 scrolls of remove curse {unknown}
 j - a scroll of enchant armour {unknown}
 k - 3 scrolls of identify {unknown}
 l - a scroll of random uselessness {unknown}
Potions
 b - a potion of heal wounds {unknown}
 g - a potion of ambrosia {unknown}
 i - a potion of haste {unknown}
 m - a potion of curing {unknown}
Comestibles
 e - 3 rations


   Skills:
 + Level 2.4 Short Blades
 - Level 1.5 Dodging
 - Level 2.4 Stealth
 - Level 3.2 Spellcasting
 - Level 1.5 Conjurations
   Level 1.0 Summonings
   Level 1.0 Translocations


You had 7 spell levels left.
You knew the following spells:

 Your Spells              Type           Power        Failure   Level  Hunger
a - Magic Dart            Conj           #...         12%         1    None

Your spell library contained the following spells:

 Spells                   Type           Power        Failure   Level  Hunger
 Blink                    Tloc           N/A          22%         2    ##.....
 Call Imp                 Summ           #.......     22%         2    ##.....
 Slow                     Hex            #.......     32%         2    ##.....
 Conjure Flame            Conj/Fire      #.......     43%         3    ###....
 Mephitic Cloud           Conj/Pois/Air  #.......     47%         3    ###....


Dungeon Overview and Level Annotations

Branches:
Dungeon (4/15)
 Temple: D:4-7

Altars:
Okawaru

Annotations:
D:4 exclusions: orc priest and orc wizard


Innate Abilities, Weirdness & Mutations

You have extremely sharp teeth.
When hurt, damage is shared between your health and your magic reserves.
Your bite disrupts and absorbs the magic of your enemies.
Potions cannot restore your health.
You are immune to rotting.


Message History

The magic dart hits the hound.
The hound bites you. The hound closely misses you.
You take 3 damage, and have 9/16 hp.
You now have 3/8 mp.
Aim: a hound (lightly wounded)
The magic dart hits the hound.
* * * LOW MAGIC WARNING * * *
The hound bites you.
* * * LOW MAGIC WARNING * * *;
* * * LOW HITPOINT WARNING * * *
You take 4 damage, and have 5/16 hp.
MASSIVE DAMAGE!!
You now have 1/8 mp.
The hound bites you.
* * * LOW HITPOINT WARNING * * *
You take 3 damage, and have 2/16 hp.
Unknown command.
Okay, then.
You hit the hound. You barely miss the hound. The hound bites you.
* * * LOW MAGIC WARNING * * *
You die...

.######.............
.......(............
######..###(####...
#>........../....
#.##..#...##....#
#.##............#
#.##..#...##....#
#.##†.#...##....#
#@##..#...#.....#
#.h..............
####..#.........#
#..#.........
.####..#.........
.................
................#
.####..##.......#
.....##.......#

Skill      XL: |  1  2 |
---------------+-------+-----
Short Blades   | 2 |  2.4
Dodging        | |  1.5
Stealth        | |  2.4
Spellcasting   | |  3.2
Conjurations   | |  1.5
Summonings     | |  1.0
Translocations | |  1.0

Notes
Turn   | Place    | Note
-------+----------+-------------------------------------------
     0 | D:1      | hittemvvvvhard the Vine Stalker Wizard began the quest for
                  | the Orb.
     0 | D:1      | Reached XP level 1. HP: 9/9 MP: 5/5
   360 | D:1      | Reached XP level 2. HP: 11/13 MP: 7/7
   481 | D:1      | Reached skill level 1 in Short Blades
  1088 | D:1      | Reached skill level 2 in Short Blades
  1088 | D:1      | Reached XP level 3. HP: 16/16 MP: 5/8
  1679 | D:2      | Found an iron altar of Okawaru.
  1827 | D:2      | Became a worshipper of Warmaster Okawaru
  1921 | D:2      | You fall into a shaft and drop 2 floors!
  1934 | D:4      | HP: 2/16 [worm (6)]
  2207 | D:4      | HP: 2/16 [hound (3)]
  2209 | D:4      | Slain by a hound

Table legend:
 A = Turns spent in this place as a percentage of turns spent in the entire game.
 B = Non-inter-level travel turns spent in this place as a percentage of non-inter-level travel turns spent in the entire game.
 C = Inter-level travel turns spent in this place as a percentage of turns spent in this place.
 D = Turns resting spent in this place as a percentage of non-inter-level travel turns spent in this place.
 E = Turns spent auto-exploring this place as a percentage of non-inter-level travel turns spent in this place.
 F = Non-inter-level travel turns spent in this place divided by the number of levels of this place that you've seen.
                   A       B       C       D       E      F
               +-------+-------+-------+-------+-------+----------------------
         Total | 100.0 | 100.0 |   4.8 |  19.1 |  67.9 | 701.3
       Dungeon | 100.0 | 100.0 |   4.8 |  19.1 |  67.9 | 701.3
               +-------+-------+-------+-------+-------+----------------------

Table legend:
 A = Kills in this place as a percentage of kills in entire the game.
 B = Kills by you in this place as a percentage of kills by you in the entire game.
 C = Kills by friends in this place as a percentage of kills by friends in the entire game.
 D = Other kills in this place as a percentage of other kills in the entire game.
 E = Experience gained in this place as a percentage of experience gained in the entire game.
 F = Experience gained in this place divided by the number of levels of this place that you have seen.
                   A       B       C       D       E      F
               +-------+-------+-------+-------+-------+----------------------
         Total | 100.0 | 100.0 |   N/A |   N/A | 100.0 |  18.7
       Dungeon | 100.0 | 100.0 |   N/A |   N/A | 100.0 |  18.7
               +-------+-------+-------+-------+-------+----------------------

Action                   || total
-------------------------++-------
Melee: Short sword       ||    39
       Bite              ||     8
       Unarmed           ||     1
Throw: Javelin           ||    19
 Cast: Magic Dart        ||    47
  Eat: Chunk             ||     4
Armor: Robe              ||     2
       Leather armour    ||     2
Dodge: Dodged            ||    30

Vanquished Creatures
  A worm (D:4)
  2 dart slugs (D:1)
  2 leopard geckos (D:1)
  2 giant cockroaches (D:1)
  3 goblins (D:1)
  5 hobgoblins
  A ball python (D:1)
  3 bats (D:1)
  4 frilled lizards
  3 kobolds
  2 rats (D:1)
28 creatures vanquished. You could see a hound.

Levels and vault maps discovered:
D:1:      nicolae_arrival_memento_mori, layout_loops_corners
D:2:      layout_rooms, chequers_ecumenical_altar_simple, minivault_4,
          okawaru_trees_2
D:4:      layout_basic, portal_sewer_entry_f, serial_shops, kennysheep_mini,
          first_ration, uniq_natasha
